 Dungeon Crawl Stone Soup version 0.32-a0-314-g526f7d4993 (webtiles) character file.

Game seed: 4710820368271253444

33717 EC1 the Warrior (level 13, -5/126 (127) HPs)
             Began as a Minotaur Fighter on Feb 16, 2024.
             Was a Priest of Trog.
             Slain by a ten-headed hydra (10 damage)
             ... on level 13 of the Dungeon.
             The game lasted 00:39:16 (12791 turns).

EC1 the Warrior (Minotaur Fighter)                 Turns: 12791, Time: 00:39:17

HP:   -5/126 (127)  AC: 20    Str: 30    XL:     13   Next: 38%
MP:   12/12         EV: 15    Int:  5    God:    Trog [***...]
Gold: 832           SH:  8    Dex: 16    Spells: 12/12 levels left

rFire   . . .        e - +4 flail (heavy)
rCold   . . .        c - +1 buckler
rNeg    . . .        H - +2 plate armour
rPois   .            (helmet restricted)
rElec   +            l - scarf "Lim Zaf" {+Inv, -Cast rElec Will++ rCorr Str+4}
rCorr   +            m - +0 pair of gloves
SInv    .            Z - +0 pair of boots
Will    ++++.        M - amulet of regeneration Stlth
                     A - +6 ring of dexterity
HPRegen 2.21/turn    q - +5 ring of evasion
MPRegen 0.13/turn

%: no spellcasting
@: mighty, strong-willed, regenerating, lightly drained
A: horns 2, retaliatory headbutt
a: Renounce Religion, Evoke Invisibility, Berserk, Trog's Hand


You were on level 13 of the Dungeon.
You worshipped Trog.
Trog was most pleased with you.
You visited 2 branches of the dungeon, and saw 14 of its levels.
You also visited: Bailey.

You collected 832 gold pieces.

Inventory:

Hand Weapons
 a - a +0 demon whip of freezing
 e - a +4 heavy flail (weapon)
 g - a +2 broad axe of freezing
 N - a +5 spear
 U - a +4 trident of draining
Missiles
 v - 7 throwing nets
Armour
 b - a scarf of repulsion
 c - a +1 buckler (worn)
 l - the scarf "Lim Zaf" (worn) {+Inv, -Cast rElec Will++ rCorr Str+4}
   (You acquired it on level 9 of the Dungeon)

   Str+4:     It affects your strength (+4).
   rElec:     It insulates you from electricity.
   Will++:    It greatly increases your willpower.
   -Cast:     It prevents spellcasting.
   rCorr:     It protects you from acid and corrosion.
 m - a +0 pair of gloves (worn)
 H - a +2 plate armour (worn)
 J - a +0 plate armour
 P - +0 acid dragon scales
 Q - quicksilver dragon scales
 W - +1 steam dragon scales
 Z - a +0 pair of boots (worn)
Jewellery
 k - a ring of protection from fire
 q - a +5 ring of evasion (right hand)
 y - a ring of resist corrosion
 A - a +6 ring of dexterity (left hand)
 K - an amulet of magic regeneration
 L - a ring of see invisible
 M - an amulet of regeneration (around neck)
 X - an amulet of guardian spirit
Talismans
 f - a maw talisman
 E - a dragon-blood talisman
Wands
 n - a wand of paralysis (3)
 o - a wand of iceblast (18) (quivered)
 r - a wand of digging (4)
 s - a wand of flame (16)
 F - a wand of light (18)
 T - a wand of mindburst (14)
Scrolls
 t - 2 scrolls of revelation
 u - 2 scrolls of poison
 w - a scroll of noise
 x - a scroll of fear
 B - 3 scrolls of blinking
 D - 2 scrolls of fog
 I - 2 scrolls of immolation
 O - 2 scrolls of teleportation
Potions
 d - a potion of might
 h - 2 potions of invisibility
 i - 3 potions of magic
 p - a potion of berserk rage
 z - 5 potions of curing
 C - a potion of cancellation
 R - 2 potions of enlightenment
 S - a potion of resistance {unknown}
 V - 3 potions of mutation {unknown}


   Skills:
 + Level 15.2 Fighting
 + Level 14.3(15.6) Axes
 + Level 10.5(13.8) Maces & Flails
 + Level 11.7 Armour
 + Level 5.1 Dodging
 - Level 1.5 Stealth
 + Level 9.7 Shields


You had 12 spell levels left.
You didn't know any spells.
Your spell library contained the following spells:

 Spells                   Type           Power      Damage    Failure   Level
 Summon Small Mammal      Summ           0%         N/A       98%         1
 Call Imp                 Summ           0%         N/A       99%         2
 Cigotuvi's Dreadful Rot  Necr/Alch/Air  0%         N/A       99%         2
 Sublimation of Blood     Necr           0%         N/A       99%         2
 Call Canine Familiar     Summ           0%         N/A       100%        3
 Hailstorm                Conj/Ice       0%         3d5       100%        3
 Summon Ice Beast         Ice/Summ       0%         N/A       100%        3
 Cause Fear               Hex            0%         N/A       100%        4
 Dispel Undead            Necr           0%         3d6       100%        4
 Martyr's Knell           Necr/Summ      0%         N/A       100%        4
 Summon Blazeheart Golem  Fire/Summ      0%         N/A       100%        4
 Fireball                 Conj/Fire      0%         3d3       100%        5
 Conjure Ball Lightning   Conj/Air       0%         3x3d6     100%        6
 Death Channel            Necr           0%         N/A       100%        6
 Sculpt Simulacrum        Ice/Alch       0%         N/A       100%        6
 Summon Hydra             Summ           0%         N/A       100%        7
 Discord                  Hex            0%         N/A       100%        8
 Disjunction              Tloc           0%         N/A       100%        8
 Dragon's Call            Summ           0%         N/A       100%        9


Dungeon Overview and Level Annotations

Branches:
Dungeon (13/15)            Temple (1/1) D:5            Lair (0/5) D:8
    Orc (0/2) D:11         Bailey (visited)
 Vaults: D:13-14

Altars:
Ashenzari
Cheibriados
Dithmenos
Elyvilon
Fedhas
Gozag
Hepliaklqana
Kikubaaqudgha
Makhleb
Nemelex Xobeh
Okawaru
Qazlal
Ru
Sif Muna
Trog
Uskayaw
Vehumet
Wu Jian
Xom
Yredelemnul
Zin
The Shining One

Shops:
D:2 [

Annotations:
D:13 ongoing's ghost, journeyman TeAE
Temple 2 transporters


Innate Abilities, Weirdness & Mutations

You have a pair of horns on your head.
You reflexively headbutt those who attack you in melee.


Message History

The ten-headed hydra closely misses you.
The ten-headed hydra barely misses you.
You feel very mighty all of a sudden.
The ten-headed hydra bites you but does no damage.
You block the ten-headed hydra's attack.
The ten-headed hydra bites you but does no damage.
You block the ten-headed hydra's attack.
The ten-headed hydra bites you.
* * * LOW HITPOINT WARNING * * *
The ten-headed hydra bites you but does no damage. x2
The ten-headed hydra misses you.
The ten-headed hydra bites you but does no damage. x2
The ten-headed hydra bites you.
* * * LOW HITPOINT WARNING * * *
The ten-headed hydra bites you but does no damage.
The ten-headed hydra misses you.
The ten-headed hydra bites you but does no damage.
The ten-headed hydra bites you.
* * * LOW HITPOINT WARNING * * *
The ten-headed hydra bites you but does no damage. x2
The ten-headed hydra closely misses you.
The ten-headed hydra barely misses you. The ten-headed hydra bites you!
* * * LOW HITPOINT WARNING * * *
Your skin crawls.
You feel strong-willed. The ten-headed hydra bites you.
* * * LOW HITPOINT WARNING * * *
The ten-headed hydra barely misses you.
You block the ten-headed hydra's attack.
The ten-headed hydra bites you but does no damage.
The ten-headed hydra closely misses you.
The ten-headed hydra bites you but does no damage.
The ten-headed hydra bites you.
* * * LOW HITPOINT WARNING * * *
The ten-headed hydra completely misses you.
You block the ten-headed hydra's attack.
The ten-headed hydra bites you but does no damage.
The ten-headed hydra barely misses you. You furiously retaliate!
You headbutt the ten-headed hydra! The ten-headed hydra bites you!
You die...

#.# #########.#### ##
..........#.. .#
#...........# .#
'.....>.....# .#
#...........#######.#
#...................#
#..............DDW..#
#........##'''##@...#
#....(..##.....##...#
#.......#.!....♣#...#
#.......#♣..)..♣###.#
#.......#♣!.....# .#
........##♣..$.## .#
#........##PP♣## .#
#.##......#
#.##.#.####


You could see 2 ten-headed hydras and ongoing's ghost (swift).

Vanquished Creatures
  A yaktaur captain (D:13)
  An ogre mage (D:11)
  A centaur warrior (D:11)
  A death yak (D:8)
  4 two-headed ogres
  2 skeletal warriors (D:11)
  Amaemon (D:9)
  Maurice (D:7)
  2 cyclopes
  4 ugly things
  3 manticores
  An orange demon (D:9)
  The ghost of Zigma the Ruffian, a novice DrMo of Yredelemnul (D:4)
  2 gargoyles
  An unseen horror (D:8)
  2 yaktaurs (D:13)
  Jeremiah (D:9)
  2 komodo dragons (D:11)
  A tengu conjurer (D:13)
  2 trolls (D:12)
  A hornet (D:9)
  Prince Ribbit (D:6)
  28 yaks
  A vampire (D:11)
  3 spriggans (Bailey)
  2 wraiths
  7 hogs (D:12)
  3 steam dragons
  2 basilisks (D:8)
  Eustachio (D:4)
  6 vampire mosquitoes
  5 acid dragons
  3 water moccasins
  8 orc warriors
  Duvessa (D:7)
  4 sky beasts
  4 ice beasts
  4 ogres
  6 centaurs
  2 phantoms
  3 kobold brigands
  A gnoll sergeant (D:8)
  6 bullfrogs
  A scorpion (D:5)
  3 wights (D:7)
  Dowan (D:7)
  6 killer bees (D:8)
  7 howler monkeys
  7 hounds
  3 jellies
  A gnoll bouda (D:7)
  2 orc priests
  Ijyb (D:3)
  9 iguanas
  2 sleepcaps
  14 orc wizards
  Robin (D:4)
  7 adders
  14 gnolls
  A shadow imp (D:5)
  2 ufetubi (D:7)
  2 adder zombies (D:4)
  3 ribbon worms
  35 orcs
  7 bats
  4 endoplasms (D:4)
  5 giant cockroaches
  18 goblins
  11 hobgoblins
  2 quokkas
  9 ball pythons
  8 kobolds
  5 rats
327 creatures vanquished.

Vanquished Creatures (others)
  Kirke (D:12)
1 creature vanquished.

Grand Total: 328 creatures vanquished

Notes
Turn   | Place    | Note
-------+----------+-------------------------------------------
     0 | D:1      | EC1 the Minotaur Fighter began the quest for the Orb.
     0 | D:1      | Reached XP level 1. HP: 19/19 MP: 0/0
    52 | D:1      | Reached XP level 2. HP: 27/27 MP: 1/1
   193 | D:1      | Reached XP level 3. HP: 33/33 MP: 2/2
   209 | D:1      | Reached skill level 4 in Fighting
   575 | D:1      | Found a faded altar of an unknown god.
   836 | D:1      | Identified a scroll of acquirement
   836 | D:1      | Acquired a +0 broad axe of freezing
  1180 | D:2      | Reached XP level 4. HP: 40/40 MP: 3/3
  1388 | D:2      | Found Zizxuf's Antique Armour Shop.
  1714 | D:3      | Found an opulent altar of Gozag.
  1976 | D:3      | Noticed Ijyb
  1986 | D:3      | Killed Ijyb
  1987 | D:3      | Reached XP level 5. HP: 21/47 MP: 4/4
  2321 | D:3      | Found a stormy altar of Qazlal.
  2348 | D:3      | Noticed a +0 short sword
  2348 | D:3      | Noticed a +0 falchion
  2348 | D:3      | Noticed a +0 short sword
  2348 | D:3      | Noticed a +0 spear
  2349 | D:3      | Noticed a +0 spear
  2351 | D:3      | Noticed a +0 dagger
  2351 | D:3      | Noticed a +0 dagger
  2351 | D:3      | Noticed a +0 falchion
  2354 | D:3      | Found a hide-covered altar of Uskayaw.
  2540 | D:4      | Reached skill level 1 in Dodging
  2555 | D:4      | Reached skill level 5 in Armour
  2696 | D:4      | Noticed a phantom
  2705 | D:4      | Killed a phantom
  2706 | D:4      | Reached skill level 5 in Axes
  2706 | D:4      | Reached XP level 6. HP: 44/53 MP: 5/5
  2786 | D:4      | Found a runed translucent gate.
  2786 | D:4      | Found a runed translucent gate.
  2786 | D:4      | Found a runed translucent gate.
  2786 | D:4      | Noticed Zigma's ghost (novice DrMo)
  2787 | D:4      | Found a basalt altar of Yredelemnul.
  2823 | D:4      | Killed Zigma's ghost
  2824 | D:4      | Reached skill level 5 in Fighting
  2824 | D:4      | Reached XP level 7. HP: 10/61 MP: 6/6
  3012 | D:4      | Reached skill level 5 in Shields
  3032 | D:4      | Found an ancient bone altar of Kikubaaqudgha.
  3035 | D:4      | Found a blossoming altar of Fedhas.
  3062 | D:4      | Noticed Robin
  3085 | D:4      | Killed Robin
  3336 | D:4      | Noticed Eustachio
  3390 | D:4      | Killed Eustachio
  3391 | D:4      | Reached XP level 8. HP: 39/69 MP: 7/7
  3515 | D:4      | Found a radiant altar of Vehumet.
  3785 | D:5      | Entered Level 5 of the Dungeon
  3785 | D:5      | Found a staircase to the Ecumenical Temple.
  3800 | Temple   | Found a transporter.
  3800 | Temple   | Found a transporter.
  3800 | Temple   | Found a transporter.
  3800 | Temple   | Found a transporter.
  3800 | Temple   | Entered the Ecumenical Temple
  4154 | D:5      | Found a sparkling altar of Nemelex Xobeh.
  4297 | D:5      | Found an ornate altar of the Wu Jian Council.
  4365 | D:5      | Reached skill level 1 in Stealth
  4523 | D:6      | Reached skill level 6 in Fighting
  4821 | D:6      | Reached XP level 9. HP: 75/75 MP: 8/8
  5288 | D:6      | Noticed Prince Ribbit
  5300 | D:6      | Killed Prince Ribbit
  5542 | D:6      | Found a sacrificial altar of Ru.
  6100 | D:7      | Noticed Maurice
  6127 | D:7      | Maurice stole a staff of fire
  6131 | D:7      | Killed Maurice
  6132 | D:7      | Reached skill level 10 in Axes
  6161 | D:7      | Noticed Duvessa
  6171 | D:7      | Noticed Dowan
  6175 | D:7      | Killed Duvessa
  6190 | D:7      | Killed Dowan
  6315 | D:7      | Reached skill level 7 in Fighting
  6380 | D:7      | Found a hazy altar of Hepliaklqana.
  6511 | D:7      | Found a flagged portal.
  6539 | D:7      | Reached XP level 10. HP: 46/84 MP: 9/9
  6714 | Bailey   | Entered a bailey
  6754 | Bailey   | Noticed a two-headed ogre
  6763 | Bailey   | Killed a two-headed ogre
  7077 | D:7      | Reached skill level 13 in Fighting
  7077 | D:7      | Reached XP level 11. HP: 107/107 MP: 10/10
  7182 | D:8      | Found a staircase to the Lair.
  7184 | D:8      | Noticed a death yak
  7202 | D:8      | Killed a death yak
  7340 | D:8      | Found a bloodstained altar of Trog.
  7352 | D:8      | Became a worshipper of Trog the Wrathful
  7583 | D:8      | Noticed a green ugly thing
  7593 | D:8      | Killed a green ugly thing
  7737 | D:8      | Reached skill level 14 in Fighting
  8365 | D:9      | Noticed Amaemon
  8376 | D:9      | Killed Amaemon
  8376 | D:9      | Reached * piety under Trog
  8423 | D:9      | Reached XP level 12. HP: 117/117 MP: 11/11
  8500 | D:9      | Reached skill level 1 in Maces & Flails
  8638 | D:9      | Noticed a two-headed ogre
  8645 | D:9      | Killed a two-headed ogre
  8788 | D:9      | Noticed Jeremiah
  8837 | D:9      | Killed Jeremiah
  9333 | D:9      | Acquired the scarf "Lim Zaf" {+Inv, -Cast rElec Will++
                  | rCorr Str+4}
  9368 | D:9      | Reached skill level 10 in Armour
  9389 | D:10     | Entered Level 10 of the Dungeon
  9402 | D:10     | Reached skill level 5 in Maces & Flails
  9500 | D:10     | Found a broken altar of Ashenzari.
  9639 | D:10     | Noticed a two-headed ogre
  9646 | D:10     | Killed a two-headed ogre
  9860 | D:10     | Reached ** piety under Trog
  9900 | D:10     | Noticed a two-headed ogre
  9911 | D:10     | Killed a two-headed ogre
 10279 | D:11     | Found a staircase to the Orcish Mines.
 10326 | D:11     | Noticed a centaur warrior
 10326 | D:11     | Noticed an ogre mage
 10428 | D:11     | Reached skill level 5 in Dodging
 10572 | D:11     | Found a transporter.
 10989 | D:11     | Found a transporter.
 10991 | D:11     | Paralysed by an ogre mage for 4 turns
 11019 | D:11     | Killed an ogre mage
 11064 | D:11     | Killed a centaur warrior
 11065 | D:11     | Reached XP level 13. HP: 88/125 MP: 12/12
 11599 | D:12     | Reached skill level 15 in Fighting
 11718 | D:12     | Reached *** piety under Trog
 11748 | D:12     | Noticed Kirke
 11778 | D:12     | Killed Kirke
 12607 | D:13     | Reached skill level 10 in Maces & Flails
 12735 | D:13     | Found a runed translucent gate.
 12742 | D:13     | Found a runed translucent gate.
 12754 | D:13     | Found a runed translucent gate.
 12755 | D:13     | Noticed ongoing's ghost (journeyman TeAE)
 12790 | D:13     | HP: 6/126 [ten-headed hydra (7)]
 12791 | D:13     | Slain by a ten-headed hydra

Illustrated notes

Levels and vault maps discovered:
D:1:      dpeg_arrival_lava_temple_mockup, layout_basic,
          ebering_ecumenical_altar_box, minmay_worlds_worst_comb
D:2:      layout_loops_ring, serial_shops, shop
D:3:      layout_loops_ring, mainiacjoe_overflow_paths, lemuel_crystal_altar,
          nicolae_uskayaw_en_pointe, uniq_ijyb
D:4:      layout_cave_pools, nicolae_yredelemnul_ghost_church,
          mainiacjoe_overflow_alcove_1, grunt_temple_overflow_growth_and_decay,
          hellmonk_no_cap, uniq_eustachio, uniq_robin
D:5:      layout_cave_pools, mainiacjoe_overflow_24_doors,
          general_overflow_altar, minmay_temple_entry_statues_pillars
D:6:      layout_layer_cave, kennysheep_mini, uniq_prince_ribbit1
D:7:      layout_rooms, nzn_hepliaklqana_mist_gate, enter_bailey_7,
          uniq_maurice, uniq_duvessa
D:8:      nzn_winding_woodlands_small [nzn_winding_woodlands_5x15_lazy_stream,
          nzn_winding_woodlands_center_lodge,
          nzn_winding_woodlands_5x15_jagged], layout_loops_corners, bloody_trog,
          dpeg_lair_monsters
D:9:      layout_basic, uniq_amaemon, uniq_jeremiah
D:10:     layout_roguey, cheibrodos_ashenzari_chains,
          hangedman_abyss_or_decor_lesser_grid
D:11:     gammafunk_the_bubble [the_bubble_gammafunk_split],
          layout_irregular_city, hiddenorc1_lemuel
D:12:     layout_stronghold, uniq_kirke
D:13:     layout_basic, david_vaults_2, gammafunk_ghost_hydra_chop,
          dk_noncrumbling_4
Temple:   hellmonk_temple_divided_pantheon

Skill      XL: |  1  2  3  4  5  6  7  8  9 10 11 12 13 |
---------------+----------------------------------------+-----
Armour         | 4 5 6 7 8 9 11 | 11.7
Shields        | 4 5 6 7 9 |  9.7
Fighting       | 4 5 6 7 13 14 15 | 15.2
Axes           | 3 4 5 6 7 9 11 12 14 | 14.3
Dodging        | 1 2 3 4 5 |  5.1
Stealth        | 1 |  1.5
Maces & Flails | 9 10 | 10.5

Action                     |  1- 3 |  4- 6 |  7- 9 | 10-12 | 13-15 || total
---------------------------+-------+-------+-------+-------+-------++-------
  Melee: War axe           |    36 |       |       |       |       ||    36
         Headbutt          |     6 |    16 |    37 |    79 |    23 ||   161
         Broad axe         |    25 |    92 |   228 |   167 |       ||   512
         Flail             |       |       |       |   212 |    83 ||   295
 Invoke: Trog's Hand       |       |       |       |     1 |     1 ||     2
         Berserk           |       |       |       |     1 |       ||     1
  Evoke: Wand              |       |       |       |    13 |       ||    13
    Use: Scroll            |     5 |     3 |     9 |    12 |     2 ||    31
         Potion            |       |       |       |     2 |     4 ||     6
 Armour: Scale mail        |    37 |    90 |   129 |       |       ||   256
         Plate armour      |       |       |    29 |   277 |   168 ||   474
  Dodge: Dodged            |    37 |    36 |   174 |   219 |   135 ||   601
  Block: Buckler           |    15 |    25 |    98 |   129 |    77 ||   344

Table legend: (Time is in decaauts)
 A = Elapsed time spent in this place.
 B = Non-inter-level travel time spent in this place.
 C = Inter-level travel time spent in this place.
 D = Time resting spent in this place.
 E = Time spent auto-exploring this place.
 F = Levels seen in this place.
 G = Mean time per level.
                   A        B        C        D        E       F      G
               +--------+--------+--------+--------+--------+-----+--------+
         Total |  13013 |  12957 |     56 |   1319 |   5476 |  15 |  867.5 |
       Dungeon |  12590 |  12534 |     56 |   1240 |   5476 |  13 |  968.5 |
        Temple |     79 |     79 |      0 |      0 |      0 |   1 |   79.0 |
        Bailey |    342 |    342 |      0 |     79 |      0 |   1 |  342.0 |
               +--------+--------+--------+--------+--------+-----+--------+

Top non-repeatable levels by time:
     D:6: 1702 daAuts
     D:4: 1290 daAuts
     D:8: 1286 daAuts
    D:12: 1191 daAuts
    D:11: 1185 daAuts
     D:9: 1054 daAuts
     D:1: 1034 daAuts
     D:3: 828 daAuts
    D:10: 767 daAuts
     D:2: 709 daAuts
     D:7: 653 daAuts
     D:5: 570 daAuts
  Bailey: 342 daAuts
    D:13: 315 daAuts
  Temple: 79 daAuts
